 Dungeon Crawl Stone Soup version 0.23.2-33-g5129a83184 (webtiles) character file.

Game seed: 14762058183415406491

48 t4s4d4r the Magician (level 3, 0/19 HPs)
             Began as a Gargoyle Earth Elementalist on July 1, 2019.
             Slain by a gnoll
             ... wielding a +0 spear
              (7 damage)
             ... on level 2 of the Dungeon.
             The game lasted 00:02:19 (1675 turns).

t4s4d4r the Magician (Gargoyle Earth Elementalist)  Turns: 1675, Time: 00:02:19

Health: 0/19       AC:  6    Str: 11    XL:     3   Next: 72%
Magic:  5/8        EV: 12    Int: 16    God:
Gold:   98         SH:  0    Dex: 10    Spells: 8/9 levels left

rFire    . . .     SeeInvis .   i - +2 short sword (speed)
rCold    . . .     Gourm    .   (no shield)
rNeg     + . .     Faith    .   c - +0 robe
rPois    ∞         Spirit   .   a - +1 hat {MR+}
rElec    +         Reflect  .   (no cloak)
rCorr    .         Harm     .   (no gloves)
MR       +....                  (no boots)
Stlth    ++........             (no amulet)
HPRegen  0.06/turn              (no ring)
MPRegen  0.11/turn              (no ring)

@: very slightly contaminated
A: negative energy resistance 1, electricity resistance, unbreathing,
petrification resistance, rot immunity, AC +3
a: no special abilities


You were on level 2 of the Dungeon.
You were hungry.

You visited 1 branch of the dungeon, and saw 2 of its levels.

You collected 98 gold pieces.

Inventory:

Hand Weapons
 i - a +2 short sword of speed (weapon)
Missiles
 b - 37 stones (quivered)
Armour
 a - a +1 hat of magic resistance (worn)
 c - a +0 robe (worn)
Scrolls
 e - 2 scrolls of identify {unknown}
 g - 2 scrolls of remove curse {unknown}
 h - a scroll of enchant armour {unknown}
Potions
 j - a potion of agility {unknown}
Comestibles
 d - 3 rations
 f - 6 chunks of flesh


   Skills:
 - Level 1.5 Dodging
 - Level 2.1 Stealth
 + Level 3.7 Spellcasting
   Level 0.7 Transmutations
 - Level 3.6 Earth Magic


You had 8 spell levels left.
You knew the following spells:

 Your Spells              Type           Power        Failure   Level  Hunger
a - Sandblast             Erth           ##....       4%          1    None

Your spell library contained the following spells:

 Spells                   Type           Power        Failure   Level  Hunger
 Passwall                 Tmut/Erth      #.......     11%         2    ##.....
 Stone Arrow              Conj/Erth      #.....       26%         3    ###....
 Petrify                  Tmut/Erth      #.......     56%         4    ####...
 Lee's Rapid Deconstruct  Erth           ##........   73%         5    ######.


Dungeon Overview and Level Annotations

Branches:
Dungeon (2/15)

Altars:


Innate Abilities, Weirdness & Mutations

You are resistant to torment.
Your stone body is resilient. (AC +3)
You are immune to poison.
You resist negative energy. (rN+)
You are resistant to electric shocks. (rElec)
You can survive without breathing.
You are immune to petrification.
You are immune to rotting.


Message History

Aiming: Sandblast (safe; 4% risk of failure)
Press: ? - help, Shift-Dir - straight line, f/p - gnoll
Aim: a gnoll, wearing a +0 ring mail The blast of sand hits the gnoll.
The gnoll is heavily wounded.
b - 38 stones The gnoll misses you.
Casting: Sandblast (safe; 4% risk of failure)
Confirm with . or Enter, or press ? or * to list all spells.
Aiming: Sandblast (safe; 4% risk of failure)
Press: ? - help, Shift-Dir - straight line, f/p - gnoll
Aim: a gnoll, wearing a +0 ring mail (heavily wounded)
The blast of sand hits the gnoll.
The gnoll is severely wounded.
b - 37 stones The gnoll closely misses you.
The gnoll hits you from afar with a +0 spear.
The gnoll barely misses you.
The gnoll hits you from afar with a +0 spear!
You die...

#########.# #.#.#.. ..
#.........### #.#.#.#.#..#.#.
#####.#.........#
#.#.#.#.#......
................#
#.#.#....#.#...
gg.....(........+
...>#..........
.####.#.........#
#.#.#.......#.. .#
#†#.........# #.#............
.# #†#.........###.#.###÷....#
.####.#.........@..))....÷..#.#
...÷)....##....g....#.###.#.#
....÷....##...g...).#..#..#.#
.........##..g......##.#..#.#
......g..##........(# .#.##.#
........g##............#.##.#
.........#..........####.##.#
≈.≈.≈.≈.............# #.##.# #
.≈≈≈.≈≈≈≈.≈≈≈........ #.##.#.#


You could see 3 gnolls.

Vanquished Creatures
  An adder (D:2)
  A dart slug (D:2)
  2 leopard geckos (D:1)
  3 bats (D:1)
  A giant cockroach (D:2)
  3 goblins (D:1)
  7 hobgoblins
  3 jackals (D:2)
  6 kobolds
  2 frilled lizards
  3 rats
32 creatures vanquished.

Notes
Turn   | Place    | Note
-------+----------+-------------------------------------------
     0 | D:1      | t4s4d4r the Gargoyle Earth Elementalist began the quest for
                  | the Orb.
     0 | D:1      | Reached XP level 1. HP: 10/10 MP: 3/3
   291 | D:1      | Reached XP level 2. HP: 8/15 MP: 2/5
  1401 | D:2      | Reached XP level 3. HP: 19/19 MP: 7/7
  1543 | D:2      | Found a faded altar of an unknown god.
  1675 | D:2      | Slain by a gnoll

Skill      XL: |  1  2 |
---------------+-------+-----
Spellcasting   | 3 |  3.7
Dodging        | |  1.5
Stealth        | |  2.1
Transmutations | |  0.7
Earth Magic    | |  3.6

Action                   || total
-------------------------++-------
Melee: Club              ||    73
       Short sword       ||    39
 Cast: Sandblast         ||    13
  Eat: Chunk             ||     2
Armor: Robe              ||    40
Dodge: Dodged            ||    89
